 Dungeon Crawl Stone Soup version 0.20-a0-1089-g3fde505 (webtiles) character file.

256431 Megalobster the Devastator (level 19, -18/110 HPs)
             Began as a Deep Elf Conjurer on May 1, 2017.
             Was the Champion of Vehumet.
             Killed from afar by a ghostly deep elf death mage (42 damage)
             ... with a bolt of negative energy
             ... on level 3 of the Elven Halls on May 2, 2017.
             The game lasted 05:28:59 (51775 turns).

Megalobster the Devastator (Deep Elf Conjurer)     Turns: 51775, Time: 05:29:01

Health: -18/110    AC: 11    Str:  5    XL:     19   Next: 45%
Magic:  8/49       EV: 15    Int: 29    God:    Vehumet [******]
Gold:   2120       SH: 12    Dex: 13    Spells: 3/48 levels left

rFire    + . .     SeeInvis +   w - +6 dagger (chaos)
rCold    . . .     Gourm    .   Y - +2 shield {reflect}
rNeg     . . .     Faith    .   C - +1 leather armour of Leapfrog {MR+ rCorr Dex-2}
rPois    .         Spirit   .   U - +2 hat {SInv}
rElec    .         Reflect  +   L - +0 cloak of Kazul {rF+ MR+}
rCorr    +         Harm     .   T - +0 pair of gloves
MR       +++..                  R - +0 pair of boots
Stlth    ++++......             J - amulet of magic regeneration
Regen    0.3/turn               y - ring of magical power
MPRegen  0.5/turn               a - ring of wizardry

@: lethally poisoned (-18 -> -19), about to teleport, very slightly
contaminated, drained
A: no striking features
}: 1/15 runes: decaying
a: Renounce Religion


You were on level 3 of the Elven Halls.
You worshipped Vehumet.
Vehumet was exalted by your worship.
You were not hungry.

You visited 8 branches of the dungeon, and saw 33 of its levels.
You also visited: Ice Cave.

You collected 3792 gold pieces.
You spent 1672 gold pieces at shops.

Inventory:

Hand Weapons
 n - a +1 hunting sling of freezing
 w - a +6 dagger of chaos (weapon)
 P - the +7 rapier of Chance {pierce, -Tele +Fly rElec rPois Stlth+}
   (You found it on level 2 of the Elven Halls)

   It inflicts extra damage upon your enemies.
   It insulates you from electricity.
   It protects you from poison.
   It lets you fly.
   It prevents most forms of teleportation.
   It makes you more stealthy.
Missiles
 g - 193 sling bullets
Armour
 c - a +2 robe of fire resistance
 m - a +1 robe of magic resistance
 q - a +2 robe of the Archmagi
 C - the +1 leather armour of Leapfrog (worn) {MR+ rCorr Dex-2}
   (You found it on level 1 of the Vaults)

   It affects your dexterity (-2).
   It affects your resistance to hostile enchantments.
   It protects you from acid and corrosion.
 F - the +1 leather armour of Vymmodif {*Corrode rElec rC+ Int+2}
   (You bought it in a shop on level 2 of the Orcish Mines)

   It affects your intelligence (+2).
   It protects you from cold.
   It insulates you from electricity.
   It may corrode you when you take damage.
 L - the +0 cloak of Kazul (worn) {rF+ MR+}
   (You bought it in a shop on level 2 of the Orcish Mines)

   It protects you from fire.
   It affects your resistance to hostile enchantments.
 R - a +0 pair of boots (worn)
 T - a +0 pair of gloves (worn)
 U - a +2 hat of see invisible (worn)
 Y - a +2 shield of reflection (worn)
Jewellery
 a - a ring of wizardry (right hand)
 b - an uncursed ring of resist corrosion
 k - a +3 ring of evasion
 y - a ring of magical power (left hand)
 J - an amulet of magic regeneration (around neck)
Wands
 f - a wand of lightning (5/15)
 i - a wand of digging (14/24)
 o - a wand of iceblast (2/15)
 x - a wand of lightning (9/15)
 I - a wand of digging (7/24)
 M - a wand of acid (4/15)
Scrolls
 d - a scroll of amnesia
 e - 9 scrolls of teleportation
 h - 7 scrolls of fear
 j - 10 scrolls of remove curse
 v - a scroll of enchant weapon
 E - 4 scrolls of fog
 K - a scroll of blinking
 S - 4 scrolls of identify
 V - 3 scrolls of recharging
Potions
 l - 4 potions of agility
 p - 2 potions of resistance
 s - 2 potions of heal wounds
 t - 3 potions of invisibility
 u - 8 potions of curing
 A - 7 potions of flight
 D - 2 potions of lignification
 G - 2 potions of cancellation
 H - a potion of ambrosia
 N - a potion of might
 Q - 2 potions of haste
Miscellaneous
 z - a fan of gales
 X - a phial of floods (inert)
Comestibles
 r - a bread ration
 B - 29 chunks of flesh


   Skills:
 + Level 9.4(8.5) Fighting
 - Level 6.2(5.4) Short Blades
 + Level 8.6(7.7) Armour
 - Level 10.0(9.2) Dodging
 - Level 10.1(9.2) Stealth
 * Level 10.6(9.7) Shields
 + Level 15.2(14.3) Spellcasting
 * Level 17.9(16.9) Conjurations
 - Level 5.9(5.2) Hexes
 - Level 3.8(3.1) Translocations
 * Level 14.8(13.9) Fire Magic
 + Level 10.3(9.5) Earth Magic
 + Level 10.0(9.1) Evocations


You had 3 spell levels left.
You knew the following spells:

 Your Spells              Type           Power        Failure   Level  Hunger
a - Iron Shot             Conj/Erth      #######...   1%          6    ####...
b - Bolt of Fire          Conj/Fire      #######...   1%          6    ####...
c - Iskenderun's Mystic   Conj           #######.     1%          4    None
d - Fulminant Prism       Conj/Hex       ######....   1%          4    None
e - Force Lance           Conj/Tloc      ######..     1%          4    None
f - Ignition              Fire           #######...   16%         8    #######
g - Orb of Destruction    Conj           #######...   1%          7    #####..
h - Blink                 Tloc           N/A          1%          2    None
k - Cause Fear            Hex            ######....   3%          4    None


Dungeon Overview and Level Annotations

Branches:
Dungeon (15/15)            Temple (1/1) D:7            Lair (6/6) D:11
  Swamp (4/4) Lair:3       Spider (1/4) Lair:2        Slime (0/5) Lair:6
    Orc (2/2) D:9             Elf (3/3) Orc:2        Vaults (1/5) D:14
 Depths (0/5) D:15

Altars:
Ashenzari
Cheibriados
Dithmenos
Elyvilon
Fedhas
Gozag
Hepliaklqana
Kikubaaqudgha
Makhleb
Nemelex Xobeh
Okawaru
Qazlal
Ru
Sif Muna
Trog
Uskayaw
Vehumet
Wu Jian
Xom
Yredelemnul
Zin
The Shining One
Jiyva

Shops:
D:4 (   D:8 [   D:11 *   D:12 *   Orc:2 ((*[?(   Elf:2 ?   Elf:3 (   Vaults:1 :

Annotations:
Elf:2 3 runed doors


Message History

You feel sick.
The ghostly deep elf death mage hits your water elemental with a faintly glowing trident {speed}.
Your water elemental barely misses the ghostly deep elf death mage.
You feel less wooden.
The +0 cloak of Kazul {rF+ MR+} unmelds from your body.
Your +2 hat of see invisible unmelds from your body.
Your +0 pair of gloves unmelds from your body.
Your +0 pair of boots unmelds from your body.
The +1 leather armour of Leapfrog {MR+ rCorr Dex-2} unmelds from your body.
You feel perceptive.
The ghostly deep elf death mage hits your water elemental but does no damage.
Your water elemental hits the ghostly deep elf death mage!
As you read the scroll of teleportation, it crumbles to dust.
You feel strangely unstable.
You feel sick.
The ghostly deep elf death mage gestures at you while chanting.
The bolt of negative energy misses your water elemental.
The bolt of negative energy hits the crawling corpse.
The crawling corpse completely resists.
The bolt of negative energy hits you!
You feel drained.
You die...

#.......................##
##.....................###
##.....⌠.............## #
#.≈........##.......#* #
**#..≈≈≈≈.....##.......#*
*,#..)e≈.x.....##.......#
#$e###≈E≈.......##......##
#)$,*#.%x........#########
#[),,##.)@.%.......**,,,*#
#%$,,*##...........#,,,,*
#)),,,,###........#+,,,,*
##$,,,,,*##########,,,,**
##,,,,,,,,,,,,,,,*,,,**
**,,,,,,,,,,,,,,*,,**
**,,,,,,,,,,,,,*,** #
***************** # #


You could see a ghostly deep elf death mage, 2 crawling corpses and a friendly
water elemental.

Vanquished Creatures
  Mara (Swamp:3)
  the Lernaean hydra (Swamp:4)
  The ghost of Xerox the Unseen, an adept DDEE of Makhleb (Swamp:4)
  2 deep elf master archers (Elf:3)
  2 deep elf blademasters (Elf:3)
  Gastronok (D:8)
  Donald (Swamp:3)
  3 thorn hunters
  Aizul (Swamp:1)
  3 deep elf sorcerers
  A frost giant (IceCv)
  An orc warlord (Orc:2)
  3 deep elf elementalists (Elf:3)
  2 vault wardens (Vaults:1)
  A stone giant (Orc:1)
  4 ironheart preservers (Vaults:1)
  An entropy weaver (Vaults:1)
  5 deep elf demonologists
  Azrael (Orc:2)
  6 deep elf annihilators
  The ghost of George the Carver, a journeyman MiFi of Okawaru (D:14)
  An ettin (D:15)
  10 deep elf death magi
  2 yaktaur captains (Vaults:1)
  4 deep elf high priests (Elf:3)
  2 vault guards (Vaults:1)
  32 hydras
  7 centaur warriors
  A catoblepas (Lair:5)
  A ghost crab (Swamp:2)
  A death knight (D:10)
  19 dancing weapons
  5 alligators
  The ghost of RexLacerta the Thaumaturge, a journeyman SpCj of Sif Muna (D:13)
  2 tengu warriors (D:15)
  24 two-headed ogres
  7 ogre magi
  2 orc high priests
  A deep troll shaman (Vaults:1)
  10 deep elf knights
  A glowing orange brain (Vaults:1)
  4 shambling mangroves
  14 swamp dragons
  4 spriggan druids
  3 deep trolls (Vaults:1)
  4 orc knights
  Pikel (D:7)
  3 unseen horrors
  2 deep elf archers
  3 wizards (Vaults:1)
  An ironbrand convoker (Vaults:1)
  2 wolf spider zombies (D:14)
  A harpy (Vaults:1)
  3 wolf spiders
  40 ugly things
  A manticore (D:15)
  49 deep elf magi
  3 orc sorcerers
  2 cyclopes
  17 elephants
  Maurice (D:8)
  7 black mambas
  3 ice statues
  A vault sentinel (Vaults:1)
  Joseph (D:7)
  6 centaur skeletons
  A gargoyle (D:15)
  20 spiny frogs
  6 centaur zombies
  4 rime drakes
  7 yaktaurs
  A redback zombie (D:14)
  9 komodo dragons
  A kobold demonologist (D:12)
  2 freezing wraiths (D:15)
  7 trolls
  A tengu conjurer (D:15)
  19 hornets
  3 jumping spiders
  22 polar bears
  9 tyrant leeches
  2 wind drakes (shapeshifter)
  3 meliai (D:13)
  Grinder (D:3)
  8 slime creatures
  6 blink frogs
  A meliai zombie (D:15)
  7 bog bodies
  11 dream sheep
  10 hippogriffs
  Sigmund (D:3)
  21 spriggans
  3 wyverns
  8 basilisks
  3 shadows
  A vampire (D:15)
  4 air elementals
  2 water elementals
  3 wraiths
  54 yaks
  5 fire elementals
  3 redbacks (Vaults:1)
  18 vampire mosquitoes
  2 hungry ghosts (D:12)
  Edmund (D:5)
  Menkaure (D:5)
  A yaktaur simulacrum (Vaults:1)
  6 insubstantial wisps (Swamp:1)
  A warg (Vaults:1)
  4 acid dragons
  22 swamp worms
  2 hell hounds (Orc:2)
  15 water moccasins
  9 porcupines
  Duvessa (D:5)
  16 swamp drakes
  3 slaves (D:7)
  2 hornet zombies
  21 orc warriors
  An ettin simulacrum (Vaults:1)
  3 sky beasts
  3 ice beasts
  3 phantoms
  5 boggarts (Lair:6)
  5 black bears
  43 ogres
  A necrophage (D:11)
  38 wolves
  10 centaurs
  13 crocodiles
  A big kobold (D:7)
  Blork the orc (D:5)
  19 bullfrogs
  A gnoll sergeant (Orc:2)
  2 earth elementals (Elf:1)
  A water moccasin zombie (D:8)
  A wyvern skeleton (D:11)
  Dowan (D:5)
  4 scorpions
  3 killer bees (D:11)
  7 howler monkeys
  13 wights
  2 electric eels (Lair:6)
  3 vampire bats
  6 jellies
  10 crimson imps
  3 bullfrog zombies
  2 lava snakes (Lair:6)
  7 hounds
  19 orc priests
  A gnoll shaman (D:4)
  27 orc wizards
  4 iguanas
  Jessica (D:3)
  A bullfrog skeleton (D:4)
  Ijyb (D:3)
  12 worker ants
  2 hound zombies
  2 hound skeletons
  A howler monkey zombie (D:7)
  4 worker ant zombies
  12 gnolls
  A river rat (shapeshifter) (D:5)
  20 adders
  3 shadow imps
  2 oozes
  4 adder skeletons
  3 worms
  3 dart slugs
  8 leopard geckos
  83 orcs
  4 bat skeletons (D:6)
  6 giant cockroaches
  6 goblins
  4 hobgoblins
  14 jackals
  4 kobolds
  8 quokkas
  A ball python (D:2)
  9 bats
  3 frilled lizards (D:1)
  A giant cockroach zombie (D:5)
  2 leopard gecko skeletons
  20 rats
  5 briar patches (Swamp:1)
  2 fulminant prisms
  2 fungi
  4 plants
1266 creatures vanquished.

Vanquished Creatures (collateral kills)
  An orc wizard (Orc:1)
1 creature vanquished.

Vanquished Creatures (others)
  A centaur warrior (Vaults:1)
  A deep elf knight (Elf:2)
  A hornet (Swamp:2)
  3 blink frogs
  A spriggan (Swamp:2)
  A yak (IceCv)
  An orc warrior (Orc:2)
  A slave (D:7)
  A kobold (D:7)
  A quokka zombie (D:7)
  A bush (Lair:5)
  275 fulminant prisms
  20 fungi
  15 plants
323 creatures vanquished.

Grand Total: 1590 creatures vanquished

Notes
Turn   | Place    | Note
-------+----------+-------------------------------------------
     0 | D:1      | Megalobster the Deep Elf Conjurer began the quest for the Orb.
     0 | D:1      | Reached XP level 1. HP: 10/10 MP: 6/6
    10 | D:1      | You fall through a shaft!
   803 | D:1      | Reached XP level 2. HP: 15/15 MP: 5/8
   810 | D:1      | Learned a level 2 spell: Searing Ray
  1276 | D:1      | Reached skill level 5 in Conjurations
  1541 | D:2      | Reached XP level 3. HP: 19/19 MP: 6/10
  1872 | D:2      | Reached XP level 4. HP: 24/24 MP: 7/12
  1878 | D:2      | Learned a level 4 spell: Iskenderun's Mystic Blast
  1883 | D:2      | Learned a level 4 spell: Fulminant Prism
  2441 | D:2      | Found a blossoming altar of Fedhas.
  2587 | D:2      | Reached skill level 6 in Conjurations
  2587 | D:2      | Reached skill level 1 in Hexes
  2723 | D:3      | Noticed Ijyb
  2750 | D:3      | Killed Ijyb
  2750 | D:3      | Reached XP level 5. HP: 28/28 MP: 2/14
  2881 | D:3      | Found an ornate altar of the Wu Jian Council.
  3025 | D:3      | Found a burning altar of Makhleb.
  3030 | D:3      | Found a shimmering altar of Xom.
  3092 | D:3      | Reached skill level 5 in Spellcasting
  3284 | D:3      | Noticed Jessica
  3285 | D:3      | Noticed Grinder
  3288 | D:3      | Killed Jessica
  3288 | D:3      | Reached skill level 1 in Short Blades
  3288 | D:3      | Reached XP level 6. HP: 32/32 MP: 10/15
  3427 | D:3      | Found a basalt altar of Yredelemnul.
  3436 | D:3      | Learned a level 4 spell: Force Lance
  3443 | D:3      | Noticed Sigmund
  3464 | D:3      | Killed Sigmund
  3464 | D:3      | Reached skill level 7 in Conjurations
  3464 | D:3      | Reached skill level 1 in Translocations
  3569 | D:3      | Found a snail-covered altar of Cheibriados.
  3650 | D:3      | Found a hazy altar of Hepliaklqana.
  3759 | D:3      | Killed Grinder
  3759 | D:3      | Reached XP level 7. HP: 36/36 MP: 5/17
  3849 | D:3      | Found a shattered altar of Ashenzari.
  4315 | D:4      | Found a white marble altar of Elyvilon.
  4422 | D:4      | Found Vodwumpe's Weapon Shop.
  4598 | D:4      | Reached skill level 8 in Conjurations
  4741 | D:4      | Learned a level 3 spell: Dazzling Spray
  4845 | D:5      | Entered Level 5 of the Dungeon
  4850 | D:5      | Noticed Dowan
  4850 | D:5      | Reached XP level 8. HP: 41/41 MP: 14/19
  4853 | D:5      | Noticed Duvessa
  4856 | D:5      | Killed Dowan
  4857 | D:5      | Killed Duvessa
  5089 | D:5      | Noticed Edmund
  5193 | D:5      | Killed Edmund
  5339 | D:5      | Reached skill level 5 in Hexes
  5368 | D:5      | Reached skill level 9 in Conjurations
  5914 | D:5      | Found a glowing golden altar of the Shining One.
  5998 | D:5      | Noticed Blork the orc
  6001 | D:5      | Reached XP level 9. HP: 46/46 MP: 21/21
  6004 | D:5      | Killed Blork the orc
  6176 | D:5      | Reached skill level 1 in Fighting
  6195 | D:5      | Noticed Menkaure
  6197 | D:5      | Killed Menkaure
  6912 | D:6      | Reached skill level 5 in Dodging
  7040 | D:6      | Reached skill level 10 in Conjurations
  7152 | D:6      | Got a shimmering war axe
  7153 | D:6      | Identified the cursed +2 war axe "Poteo" {antimagic, +Rage} (You found it on level 6 of the Dungeon)
  7616 | D:6      | Found an ancient bone altar of Kikubaaqudgha.
  7752 | D:7      | Noticed Joseph
  7994 | D:7      | Killed Joseph
  7994 | D:7      | Reached XP level 10. HP: 19/54 MP: 18/24
  8199 | D:7      | Reached skill level 5 in Short Blades
  8219 | D:7      | Noticed Pikel
  8221 | D:7      | Killed Pikel
  8692 | D:7      | Found a staircase to the Ecumenical Temple.
  8699 | Temple   | Entered the Ecumenical Temple
  9283 | D:8      | Found a glowing silver altar of Zin.
  9283 | D:8      | Noticed Gastronok
  9341 | D:8      | Noticed Maurice
  9349 | D:8      | Killed Maurice
  9610 | D:8      | Reached skill level 11 in Conjurations
  9670 | D:8      | Found a radiant altar of Vehumet.
  9672 | D:8      | Found a stormy altar of Qazlal.
 10275 | D:8      | Found Duyvuczo's Antique Armour Emporium.
 10456 | D:8      | Killed Gastronok
 10456 | D:8      | Reached XP level 11. HP: 33/60 MP: 17/26
 10468 | D:8      | Became a worshipper of Vehumet
 10892 | D:9      | Found a staircase to the Orcish Mines.
 11178 | D:9      | Learned a level 4 spell: Cause Fear
 11182 | D:9      | Learned a level 3 spell: Inner Flame
 11514 | D:9      | Reached skill level 1 in Armour
 11909 | D:9      | Reached skill level 12 in Conjurations
 12131 | D:10     | Entered Level 10 of the Dungeon
 12265 | D:10     | Reached skill level 1 in Fire Magic
 12307 | D:10     | Reached * piety under Vehumet
 12307 | D:10     | Offered knowledge of Shock by Vehumet.
 12310 | D:10     | Learned a level 1 spell: Shock
 12329 | D:10     | Reached skill level 10 in Spellcasting
 12938 | D:10     | Offered knowledge of Throw Frost by Vehumet.
 13033 | D:10     | Noticed a death knight
 13034 | D:10     | Noticed a two-headed ogre
 13039 | D:10     | Killed a two-headed ogre
 13053 | D:10     | Killed a death knight
 13058 | D:10     | Noticed an unseen horror
 13267 | D:10     | Killed an unseen horror
 13267 | D:10     | Reached ** piety under Vehumet
 13824 | D:11     | Offered knowledge of Throw Flame by Vehumet.
 13913 | D:11     | Reached *** piety under Vehumet
 13922 | D:11     | Reached XP level 12. HP: 53/67 MP: 8/28
 14221 | D:11     | Learned a level 2 spell: Throw Flame
 14389 | D:11     | Found a staircase to the Lair.
 14491 | D:11     | Found Ithradack's General Store.
 14496 | D:11     | Bought a scroll of identify for 28 gold pieces
 14496 | D:11     | Bought a scroll of blinking for 105 gold pieces
 14527 | D:11     | Reached skill level 5 in Fire Magic
 15351 | Lair:1   | Entered Level 1 of the Lair of Beasts
 15357 | Lair:1   | Offered knowledge of Airstrike by Vehumet.
 15572 | Lair:1   | Found a frozen archway.
 15583 | Lair:1   | Reached skill level 5 in Fighting
 15606 | IceCv    | Entered an ice cave
 15631 | IceCv    | Reached skill level 13 in Conjurations
 15981 | IceCv    | Reached **** piety under Vehumet
 15981 | IceCv    | Reached skill level 10 in Dodging
 16295 | IceCv    | Offered knowledge of Ignite Poison by Vehumet.
 16457 | IceCv    | Reached skill level 1 in Evocations
 16823 | IceCv    | Noticed a frost giant
 16832 | IceCv    | Killed a frost giant
 16950 | IceCv    | Got a warped halberd {venom}
 17958 | Lair:2   | Reached XP level 13. HP: 73/73 MP: 30/30
 18003 | Lair:2   | Reached skill level 1 in Shields
 19088 | Lair:2   | Found a hole to the Spider Nest.
 20814 | Lair:3   | Found a staircase to the Swamp.
 21551 | Lair:4   | Identified Xoqes's Volume of Enthralling Intoxication
 21976 | Lair:4   | Reached skill level 14 in Conjurations
 22475 | Lair:4   | Reached skill level 5 in Stealth
 23890 | Lair:5   | Got an ichor-stained scale mail
 24282 | Lair:5   | Got a translucent ruby amulet
 24309 | Lair:5   | Identified the amulet of Qaonett {Faith Slay+5} (You found it on level 5 of the Lair of Beasts)
 24404 | Lair:5   | Learned a level 7 spell: Orb of Destruction
 24691 | D:11     | Identified the +4 scale mail of the Equinox {rPois Int-4 Dex+9 Stlth-} (You found it on level 5 of the Lair of Beasts)
 24725 | D:11     | Learned a level 6 spell: Iron Shot
 24727 | D:11     | Identified a scroll of acquirement
 24728 | D:11     | Got a brightly glowing helmet
 24739 | D:11     | Identified the -3 helmet "Coisahag" {Str+7 Int+2} (You acquired it on level 11 of the Dungeon)
 24948 | Lair:6   | Entered Level 6 of the Lair of Beasts
 24952 | Lair:6   | Reached XP level 14. HP: 80/80 MP: 31/32
 25324 | Lair:6   | Reached skill level 1 in Earth Magic
 25517 | Lair:6   | Found a staircase to the Slime Pits.
 25517 | Lair:6   | Found a viscous altar of Jiyva.
 25522 | Lair:6   | Reached ***** piety under Vehumet
 25786 | Lair:4   | Offered knowledge of Conjure Ball Lightning by Vehumet.
 26255 | Lair:6   | Reached skill level 5 in Evocations
 26362 | Lair:6   | Found a stormy altar of Qazlal.
 26387 | Lair:6   | Reached skill level 5 in Armour
 27061 | Lair:6   | Reached skill level 5 in Shields
 27087 | Lair:6   | Reached skill level 10 in Fire Magic
 28744 | D:12     | Found Tuyho's Assorted Antiques.
 28747 | D:12     | Bought a scroll of identify for 62 gold pieces
 29114 | D:12     | Offered knowledge of Freezing Cloud by Vehumet.
 29438 | D:13     | Reached XP level 15. HP: 85/85 MP: 33/33
 29441 | D:13     | Reached skill level 15 in Conjurations
 30064 | D:13     | Noticed RexLacerta's ghost (journeyman SpCj)
 30071 | D:13     | Killed RexLacerta's ghost
 30313 | D:14     | Reached skill level 5 in Earth Magic
 30503 | D:14     | Noticed George's ghost (journeyman MiFi)
 30514 | D:14     | Killed George's ghost
 30701 | D:14     | Found a gate to the Vaults.
 30904 | D:14     | Found an opulent altar of Gozag.
 31150 | D:14     | Offered knowledge of Irradiate by Vehumet.
 31811 | Orc:1    | Entered Level 1 of the Orcish Mines
 32761 | Orc:2    | Entered Level 2 of the Orcish Mines
 32764 | Orc:2    | Noticed Azrael
 33086 | Orc:2    | Killed Azrael
 33310 | Orc:2    | Offered knowledge of Bolt of Draining by Vehumet.
 33540 | Orc:2    | Found Puntet Xurr's General Store.
 33540 | Orc:2    | Found Cukhun's Weapon Emporium.
 33690 | Orc:2    | Reached XP level 16. HP: 92/92 MP: 33/35
 33792 | Orc:2    | Found Asytene's Weapon Boutique.
 33883 | Orc:2    | Found Mafasteba's Armour Shoppe.
 33883 | Orc:2    | Found Wudeuheub's Antique Weapon Shop.
 33893 | Orc:2    | Bought the +1 leather armour of Vymmodif {*Corrode rElec rC+ Int+2} for 372 gold pieces
 33895 | Orc:2    | Bought a scroll of teleportation for 42 gold pieces
 33895 | Orc:2    | Bought the +0 cloak of Kazul {rF+ MR+} for 337 gold pieces
 33912 | Orc:2    | Found Kestuv's Magic Scroll Shoppe.
 34032 | Orc:2    | Found a staircase to the Elven Halls.
 34349 | Orc:2    | Bought a scroll of amnesia for 49 gold pieces
 34349 | Orc:2    | Bought a scroll of remove curse for 42 gold pieces
 34349 | Orc:2    | Bought a scroll of fear for 49 gold pieces
 34349 | Orc:2    | Bought a scroll of fog for 28 gold pieces
 34349 | Orc:2    | Bought a scroll of remove curse for 42 gold pieces
 34349 | Orc:2    | Bought a scroll of identify for 28 gold pieces
 34349 | Orc:2    | Bought a scroll of amnesia for 49 gold pieces
 34349 | Orc:2    | Bought a scroll of remove curse for 42 gold pieces
 34363 | Orc:2    | Bought a +0 pair of gloves for 63 gold pieces
 34674 | D:15     | Entered Level 15 of the Dungeon
 35878 | D:15     | Found a staircase to the Depths.
 36278 | Spider:1 | Entered Level 1 of the Spider Nest
 36796 | Elf:1    | Entered Level 1 of the Elven Halls
 36806 | Elf:1    | Offered knowledge of Ozocubu's Refrigeration by Vehumet.
 36934 | Orc:2    | Bought 2 fruits for 42 gold pieces
 36934 | Orc:2    | Bought a royal jelly for 28 gold pieces
 38022 | Elf:1    | Reached skill level 16 in Conjurations
 39461 | Elf:1    | Noticed a Tzitzimitl
 39462 | Elf:1    | Noticed a Hell Sentinel
 39462 | Elf:1    | Noticed an Executioner
 39747 | D:11     | Bought a bread ration for 70 gold pieces
 39813 | D:11     | Upgraded the game from 0.20-a0-1086-g4bd2f5b to 0.20-a0-1089-g3fde505
 39883 | Swamp:1  | Entered Level 1 of the Swamp
 39908 | Swamp:1  | Noticed a thorn hunter
 40282 | Swamp:1  | Killed a thorn hunter
 40299 | Swamp:1  | Noticed Aizul
 40425 | Swamp:1  | Killed Aizul
 40675 | Swamp:1  | Reached XP level 17. HP: 97/97 MP: 36/36
 42585 | Swamp:3  | Offered knowledge of Bolt of Fire by Vehumet.
 42585 | Swamp:3  | Reached skill level 10 in Stealth
 42593 | Swamp:3  | Learned a level 6 spell: Bolt of Fire
 43113 | Swamp:3  | Noticed Donald
 43241 | Swamp:3  | Killed Donald
 43903 | Swamp:3  | Noticed Mara
 43909 | Swamp:3  | Noticed Megalobster's illusion
 44248 | Swamp:3  | Killed Mara
 44759 | Swamp:4  | Entered Level 4 of the Swamp
 45167 | Swamp:4  | Noticed Xerox's ghost (adept DDEE)
 45176 | Swamp:4  | Killed Xerox's ghost
 45898 | Swamp:4  | Offered knowledge of Bolt of Cold by Vehumet.
 45900 | Swamp:4  | Noticed the 27-headed Lernaean hydra
 45916 | Swamp:4  | Killed the 27-headed Lernaean hydra
 46016 | Swamp:4  | Reached XP level 18. HP: 95/104 MP: 18/38
 46383 | Swamp:4  | Got a decaying rune of Zot
 47003 | D:11     | Learned a level 2 spell: Blink
 47086 | Vaults:1 | Entered Level 1 of the Vaults
 47090 | Vaults:1 | Reached skill level 17 in Conjurations
 48271 | Vaults:1 | Got a twisted leather armour
 48272 | Vaults:1 | Identified the cursed +1 leather armour of Leapfrog {MR+ rCorr Dex-2} (You found it on level 1 of the Vaults)
 48328 | Vaults:1 | Reached ****** piety under Vehumet
 48335 | Vaults:1 | Found Umonae's Book Shop.
 48655 | Vaults:1 | Offered knowledge of Fire Storm by Vehumet.
 48655 | Vaults:1 | Offered knowledge of Chain Lightning by Vehumet.
 48655 | Vaults:1 | Offered knowledge of Ignition by Vehumet.
 48934 | D:11     | Learned a level 8 spell: Ignition
 49497 | Elf:1    | Reached skill level 10 in Shields
 50151 | Elf:2    | Found Qisoer's Magic Scroll Shoppe.
 50160 | Elf:2    | Bought a scroll of blinking for 112 gold pieces
 50160 | Elf:2    | Bought a scroll of fog for 30 gold pieces
 50160 | Elf:2    | Bought a scroll of fear for 52 gold pieces
 50198 | Elf:2    | Got a jewelled rapier
 50199 | Elf:2    | Identified the +7 rapier of Chance {pierce, -Tele +Fly rElec rPois Stlth+} (You found it on level 2 of the Elven Halls)
 50212 | Elf:2    | Found a runed gate.
 50212 | Elf:2    | Found a runed gate.
 50214 | Elf:2    | Found a runed gate.
 50611 | Elf:2    | Found a radiant altar of Vehumet.
 50791 | Elf:3    | Entered Level 3 of the Elven Halls
 50884 | Elf:3    | Found Yskusuus's Weapon Shop.
 51232 | Elf:3    | Reached XP level 19. HP: 110/110 MP: 39/39
 51439 | Elf:3    | Reached skill level 15 in Spellcasting
 51557 | Elf:3    | Reached skill level 10 in Earth Magic
 51756 | Elf:3    | Reached skill level 10 in Evocations
 51775 | Elf:3    | Killed from afar by a ghostly deep elf death mage

Vault maps used:
D:1:      dpeg_arrival_lava_temple_mockup, minmay_rat_gold_closets
D:2:      marbit_many_paths, first_bread, minmay_tromino_v4_a
D:3:      grunt_temple_overflow_champion_of_chaos,
          nicolae_overflow_crystal_walls, lemuel_doored_altar,
          cheibrodos_ashenzari_chains, kennysheep_slug_shrine,
          yredelemnul_altar_generic, uniq_ijyb, uniq_sigmund, uniq_grinder,
          uniq_jessica
D:4:      kennysheep_mini_moat, serial_shops, nicolae_shop_window_shopping
D:5:      cheibrodos_barr_body, tso_oasis_becter, uniq_menkaure, uniq_duvessa,
          uniq_edmund, uniq_blork_the_orc
D:6:      kennysheep_vampire_church
D:7:      temple_green, the_bakery, kennysheep_generic_room_12, uniq_joseph,
          uniq_pikel
D:8:      nicolae_overflow_hidden_temple, serial_shops,
          nicolae_shop_statue_plus, grunt_decor_fettered, uniq_maurice,
          uniq_gastronok
D:9:      minmay_statue_hallways, orc_0_dummy
D:11:     lair_entry_dummy, serial_shops, kennysheep_little_box
D:12:     serial_shops, shop_statue
D:14:     erik_vaults_1, nicolae_gozag_cash_rules_everything_around_me,
          roderic_batcave, minivault_25, minmay_door_square
D:15:     hangedman_depths_entry_civil_slaughter, nicolae_wwwww,
          kennysheep_two_boxes
Temple:   jpeg_temple_island
Lair:1:   portal_ice_cave_rime, beast_lair_carwin_3, serial_bayou_shore_b
Lair:2:   dummy_spider_entry, st_stairs_11, beast_lair_carwin_7
Lair:3:   minmay_swamp_entry_reptiles
Lair:5:   guppyfry_lair_drakes
Lair:6:   minmay_lair_end_enchanted_forest, slime_altar_1, basic_altar,
          serial_bayou_pond_d
Swamp:1:  hangedman_swamp_blocks, swamp_pool1, uniq_aizul
Swamp:2:  nicolae_swamp_feature_on_the_river_bank
Swamp:3:  evilmike_swamp_ruin_house_3, uniq_donald, uniq_mara
Swamp:4:  swamp_old_school, infiniplex_staircase_pool
Orc:2:    st_orc_ogre_mass, serial_shops, shop, shop, sword_in_stone,
          uniq_azrael
Elf:1:    minmay_elf_arrival_plus, orc_legates, minmay_elf_sorcery
Elf:2:    basic_altar, serial_shops, nicolae_shop_waterfront, minivault_25_ag
Elf:3:    elf_hall, serial_shops, nicolae_shop_stone
Vaults:1: v_alt_pattern_2, v_alt_pattern_6, vaults_mumra_chevron_long,
          nicolae_vaults_shelves_hall, v_misc_17,
          nicolae_vaults_little_squares_4, vaults_room_grunt_arrival_ludios,
          hangedman_vaults_stretched_pinwheel,
          nicolae_vaults_diagonal_hallway_7, serial_shops, shop
IceCv:    ice_cave_small_giant

Skill      XL: |  1  2  3  4  5  6  7  8  9 10 11 12 13 14 15 16 17 18 19 |
---------------+----------------------------------------------------------+-----
Conjurations   | 5 6 7 8 9 10 11 12 13 14 15 16 17 | 17.9
Spellcasting   | 4 5 6 7 8 9 10 11 12 13 14 15 | 15.2
Hexes          | 1 2 3 4 5 |  5.9
Short Blades   | 1 2 3 4 6 |  6.2
Translocations | 1 2 3 |  3.8
Dodging        | 3 6 8 9 10 | 10.0
Fighting       | 2 3 4 5 6 7 8 9 |  9.4
Armour         | 2 3 4 5 6 7 8 |  8.6
Fire Magic     | 4 7 9 10 11 12 13 14 | 14.8
Evocations     | 2 4 5 6 7 8 9 10 | 10.0
Stealth        | 3 5 6 8 9 10 | 10.1
Shields        | 3 5 7 8 9 10 | 10.6
Earth Magic    | 4 6 8 9 10 | 10.3

Action                   |  1- 3 |  4- 6 |  7- 9 | 10-12 | 13-15 | 16-18 | 19-21 || total
-------------------------+-------+-------+-------+-------+-------+-------+-------++-------
Melee: Unarmed           |     2 |       |       |       |       |       |       ||     2
       Dagger            |    12 |    22 |    30 |    21 |    11 |    20 |     8 ||   124
Throw: Stone             |       |       |       |       |     1 |       |       ||     1
 Cast: Magic Dart        |    53 |    46 |    83 |    59 |    14 |       |       ||   255
       Searing Ray       |     3 |    11 |    40 |    93 |    23 |       |       ||   170
       Iskenderun's Myst |       |     4 |    18 |    49 |   136 |   261 |     5 ||   473
       Fulminant Prism   |       |     7 |    27 |    86 |    93 |    64 |       ||   277
       Force Lance       |       |       |    15 |    55 |    97 |    80 |     4 ||   251
       Dazzling Spray    |       |       |       |     7 |     9 |     1 |       ||    17
       Inner Flame       |       |       |       |     3 |     2 |       |       ||     5
       Throw Flame       |       |       |       |     6 |    23 |       |       ||    29
       Cause Fear        |       |       |       |     1 |       |     1 |       ||     2
       Orb of Destructio |       |       |       |       |    82 |    79 |     5 ||   166
       Shock             |       |       |       |       |     1 |       |       ||     1
       Iron Shot         |       |       |       |       |   162 |   289 |    15 ||   466
       Bolt of Fire      |       |       |       |       |       |    50 |       ||    50
       Ignition          |       |       |       |       |       |    17 |    14 ||    31
Evoke: Wand              |       |       |       |     3 |     1 |     2 |     1 ||     7
       Phial of floods   |       |       |       |       |     1 |     1 |     1 ||     3
       Fan of gales      |       |       |       |       |       |     1 |       ||     1
  Use: Potion            |       |     2 |       |     1 |     2 |    11 |     4 ||    20
       Scroll            |       |     3 |     5 |    15 |    14 |    19 |     2 ||    58
 Stab: Paralysed         |       |       |       |     1 |       |     1 |       ||     2
       Sleeping          |       |       |       |       |       |     1 |       ||     1
  Eat: Chunk             |     3 |     6 |     7 |    11 |    54 |    61 |     4 ||   146
       Meat ration       |       |     1 |     1 |       |     8 |     6 |       ||    16
       Bread ration      |       |       |     1 |     4 |     2 |     5 |     1 ||    13
       Royal jelly       |       |       |       |     2 |     2 |     4 |     1 ||     9
       Fruit             |       |       |       |       |     5 |    11 |     1 ||    17
Armor: Robe              |     5 |     6 |     9 |    19 |    28 |     9 |       ||    76
       Leather armour    |       |       |       |       |       |    20 |     1 ||    21
       Skin              |       |       |       |       |       |    35 |     2 ||    37
Dodge: Dodged            |    35 |    23 |    53 |   125 |    93 |    94 |     4 ||   427
Block: Buckler           |       |       |       |     1 |    41 |    32 |       ||    74
       Shield            |       |       |       |       |       |    44 |     2 ||    46
       Reflection        |       |       |       |       |       |     7 |       ||     7
